 Dungeon Crawl Stone Soup version 0.20-a0-1122-gb7cbeb9 (webtiles) character file.

133 poirepourri the Conjurer (level 4, -3/24 HPs)
             Began as a Deep Elf Conjurer on May 11, 2017.
             Slain by Sigmund
             ... wielding a +0 scythe
              (16 damage)
             ... on level 3 of the Dungeon.
             The game lasted 00:04:39 (3777 turns).

poirepourri the Conjurer (Deep Elf Conjurer)        Turns: 3777, Time: 00:04:40

Health: -3/24      AC:  5    Str:  5    XL:     4   Next: 93%
Magic:  5/12       EV: 13    Int: 21    God:
Gold:   65         SH:  0    Dex: 15    Spells: 2/12 levels left

rFire    . . .     SeeInvis .   e - +0 short sword
rCold    . . .     Gourm    .   (no shield)
rNeg     . . .     Faith    .   a - +0 robe
rPois    .         Spirit   .   (no helmet)
rElec    .         Reflect  .   (no cloak)
rCorr    .         Harm     .   f - +1 pair of gloves
MR       .....                  m - +0 pair of boots (curse)
Stlth    ++........             (no amulet)
Regen    0.1/turn               i - ring of wizardry
MPRegen  0.2/turn               (no ring)

@: very slightly contaminated
A: no striking features
a: no special abilities


You were on level 3 of the Dungeon.
You were not hungry.

You visited 1 branch of the dungeon, and saw 3 of its levels.

You collected 65 gold pieces.

Inventory:

Hand Weapons
 e - a +0 short sword (weapon)
Armour
 a - a +0 robe (worn)
 f - a +1 pair of gloves (worn)
 m - a cursed +0 pair of boots (worn)
Jewellery
 i - a ring of wizardry (left hand)
Scrolls
 c - a scroll of fog
 d - 2 scrolls of teleportation
 g - a scroll of enchant weapon
Potions
 h - 3 potions of curing
 j - a potion of mutation {unknown}
 k - a potion of magic {unknown}
Books
 b - a book of Conjurations

   Spells                             Type                      Level
   a - Magic Dart                     Conjuration                  1
   b - Searing Ray                    Conjuration                  2
   c - Dazzling Spray                 Conjuration/Hexes            3
   d - Fulminant Prism                Conjuration/Hexes            4
   e - Force Lance                    Conjuration/Translocation    4
   f - Iskenderun's Mystic Blast      Conjuration                  4


   Skills:
 + Level 2.7 Dodging
 + Level 2.8 Stealth
 * Level 4.7 Spellcasting
 + Level 5.9 Conjurations


You had 2 spell levels left.
You knew the following spells:

 Your Spells              Type           Power        Failure   Level  Hunger
a - Magic Dart            Conj           ####         1%          1    None
b - Searing Ray           Conj           ####..       1%          2    #......
c - Dazzling Spray        Conj/Hex       ###...       4%          3    ##.....
d - Fulminant Prism       Conj/Hex       ###.......   13%         4    ####...


Dungeon Overview and Level Annotations

Branches:
Dungeon (3/15)

Altars:

Annotations:
D:3 Sigmund


Message History

The magic dart hits Sigmund.
Sigmund is moderately wounded.
Sigmund points at you and mumbles some strange words.
You are confused.
Okay, then.
You're too confused!
You bump into the rock wall.
Sigmund gestures wildly while chanting.
Sigmund flickers and vanishes!
Deactivating autopickup; reactivate with Ctrl-A.
You bump into the rock wall.
You bump into the rock wall.
You're too confused to move!
You bump into the rock wall.
Something hits you!
A hobgoblin comes into view. It is wielding a club.
You bump into the rock wall.
You feel less confused. Something hits you!
Ouch! That really hurt!
You die...

###### .# #@...##
...####.##.[######
#!...#.###......#
#..............
#..............
#..............
####......).......
..(.g.............
####..............


You could see a hobgoblin (wandering).

Vanquished Creatures
  4 gnolls (D:2)
  4 adders
  2 worms (D:2)
  4 leopard geckos
  An orc (D:2)
  2 giant cockroaches
  7 goblins
  5 hobgoblins
  4 kobolds
  9 bats
  4 frilled lizards
  7 rats
53 creatures vanquished.

Vanquished Creatures (others)
  A leopard gecko (D:2)
  A bat (D:2)
  A kobold (D:2)
  A fulminant prism (D:2)
4 creatures vanquished.

Grand Total: 57 creatures vanquished

Notes
Turn   | Place    | Note
-------+----------+-------------------------------------------
     0 | D:1      | poirepourri the Deep Elf Conjurer began the quest for the Orb.
     0 | D:1      | Reached XP level 1. HP: 10/10 MP: 6/6
   574 | D:1      | Reached XP level 2. HP: 15/15 MP: 5/8
   743 | D:1      | Learned a level 2 spell: Searing Ray
   817 | D:1      | Reached skill level 5 in Conjurations
  1333 | D:2      | Reached XP level 3. HP: 19/19 MP: 1/9
  1504 | D:2      | Learned a level 3 spell: Dazzling Spray
  2232 | D:2      | Reached XP level 4. HP: 20/24 MP: 2/11
  2848 | D:2      | Learned a level 4 spell: Fulminant Prism
  3756 | D:3      | Noticed Sigmund
  3777 | D:3      | Slain by Sigmund

Vault maps used:
D:1:      minmay_arrival_wavy_path, glass_columns_b
D:2:      lemuel_old_faithful
D:3:      nicolae_overflow_crystal_walls, uniq_ijyb, uniq_sigmund, uniq_grinder

Skill      XL: |  1  2  3  4 |
---------------+-------------+-----
Conjurations   | 5 |  5.9
Spellcasting   | 4 |  4.7
Dodging        | |  2.7
Stealth        | |  2.8

Action                   |  1- 3 |  4- 6 || total
-------------------------+-------+-------++-------
Melee: Short sword       |       |     1 ||     1
 Cast: Magic Dart        |    71 |    36 ||   107
       Searing Ray       |     3 |     5 ||     8
       Fulminant Prism   |       |     1 ||     1
  Use: Scroll            |     6 |     2 ||     8
  Eat: Bread ration      |     1 |       ||     1
       Fruit             |       |     3 ||     3
       Meat ration       |       |     1 ||     1
Armor: Robe              |     1 |       ||     1
Dodge: Dodged            |    10 |     6 ||    16
